 Dungeon Crawl Stone Soup version 0.22-a0-389-g8519d86 (webtiles) character file.

61 Kairos the Shield-Bearer (level 4, -2/24 HPs)
             Began as a Vine Stalker Fighter on Apr 30, 2018.
             Slain by a gnoll
             ... wielding a +0 halberd
              (12 damage)
             ... on level 3 of the Dungeon.
             The game lasted 00:01:33 (1461 turns).

Kairos the Shield-Bearer (Vine Stalker Fighter)     Turns: 1461, Time: 00:01:34

Health: -2/24      AC:  6    Str: 20    XL:     4   Next: 7%
Magic:  0/5        EV:  7    Int:  8    God:
Gold:   105        SH:  9    Dex: 13    Spells: 3/3 levels left

rFire    . . .     SeeInvis .   a - +0 war axe
rCold    . . .     Gourm    .   c - +0 shield
rNeg     . . .     Faith    .   b - +0 scale mail
rPois    .         Spirit   +   (no helmet)
rElec    .         Reflect  .   (no cloak)
rCorr    .         Harm     .   (no gloves)
MR       .....                  (no boots)
Stlth    ..........             (no amulet)
HPRegen  0.48/turn              e - +2 ring of slaying
MPRegen  0.09/turn              (no ring)

@: no status effects
A: fangs 2, regeneration 1, magic shield, antimagic bite, no potion heal 3, rot
immunity
a: no special abilities


You were on level 3 of the Dungeon.
You were hungry.

You visited 1 branch of the dungeon, and saw 3 of its levels.

You collected 105 gold pieces.

Inventory:

Hand Weapons
 a - a +0 war axe (weapon)
Armour
 b - a +0 scale mail (worn)
 c - a +0 shield (worn)
Jewellery
 e - a +2 ring of slaying (left hand)
Scrolls
 i - a scroll of amnesia {unknown}
 k - a scroll of fear {unknown}
 l - 2 scrolls of teleportation {unknown}
 m - a scroll of enchant armour {unknown}
 n - a scroll of magic mapping {unknown}
Potions
 d - 2 potions of might
 g - a potion of invisibility {unknown}
 h - 2 potions of berserk rage {unknown}
 j - 2 potions of heal wounds {unknown}
Comestibles
 f - 4 rations


   Skills:
 + Level 3.0 Fighting
 + Level 2.5 Axes
 + Level 2.8 Armour
 + Level 0.6 Dodging
 + Level 3.1 Shields


You had 3 spell levels left.
You didn't know any spells.

Dungeon Overview and Level Annotations

Branches:
Dungeon (3/15)

Altars:
Qazlal


Innate Abilities, Weirdness & Mutations

You have extremely sharp teeth.
Your natural rate of healing is unusually fast.
When hurt, damage is shared between your health and your magic reserves.
Your bite disrupts and absorbs the magic of your enemies.
Potions cannot restore your health.
You are immune to rotting.


Message History

No target in view!
Found a stone staircase leading down.
No target in view!
You now have 105 gold pieces (gained 8).
A gnoll comes into view.
The gnoll shouts!
A gnoll comes into view. It is wielding a halberd.
There are monsters nearby!
There are monsters nearby!
You hit the gnoll but do no damage. Your bite misses the gnoll.
You block the gnoll's attack.
The gnoll hits you from afar with a halberd!
The gnoll hits you.
There are monsters nearby!
You are too injured to fight recklessly!
You are too injured to fight recklessly!
You are too injured to fight recklessly!
The gnoll hits you with a halberd!
Ouch! That really hurt!
You die...

#### ...########
#........###
#......>...
#######........#
#..............####.#
#.####.........@g...#
##.## #.........g###.#
#...###..........#
.....##...######.....
...............#####.#
.......#######.#
.......# #.# .......#
#.# .......# #.#


You could see 2 gnolls.

Vanquished Creatures
  3 worms (D:2)
  2 leopard geckos
  2 giant cockroaches (D:1)
  6 goblins
  4 hobgoblins
  7 jackals
  2 quokkas (D:2)
  A ball python (D:3)
  8 bats
  A frilled lizard (D:2)
  7 kobolds
  3 rats
46 creatures vanquished.

Notes
Turn   | Place    | Note
-------+----------+-------------------------------------------
     0 | D:1      | Kairos the Vine Stalker Fighter began the quest for the Orb.
     0 | D:1      | Reached XP level 1. HP: 11/11 MP: 2/2
    71 | D:1      | Reached XP level 2. HP: 12/16 MP: 3/3
   502 | D:1      | Reached XP level 3. HP: 20/20 MP: 4/4
  1246 | D:2      | Found a stormy altar of Qazlal.
  1398 | D:3      | Gained mutation: Your natural rate of healing is unusually fast. [Vine Stalker growth]
  1398 | D:3      | Reached XP level 4. HP: 22/24 MP: 5/5
  1461 | D:3      | Slain by a gnoll

Vault maps used:
D:1:      evilmike_arrival_crescent, hangedman_decor_growths
D:2:      grunt_qazlal_sundering

Skill      XL: |  1  2  3 |
---------------+----------+-----
Axes           | 2 |  2.5
Fighting       | 3 |  3.0
Shields        | 3 |  3.1
Armour         | |  2.8
Dodging        | |  0.6

Action                   |  1- 3 |  4- 6 || total
-------------------------+-------+-------++-------
Melee: War axe           |   112 |     7 ||   119
       Bite              |    29 |     2 ||    31
  Eat: Chunk             |     1 |       ||     1
Armor: Scale mail        |    53 |     3 ||    56
Dodge: Dodged            |    20 |     4 ||    24
Block: Shield            |    70 |     2 ||    72

Table legend:
 A = Spawn XP
 B = Non-spawn XP
 C = Spawn XP percentage of total XP
 D = Spawn monster count
 E = Non-spawn monster count
 F = Spawn count percentage of total count
 G = Total turns spent on level
                    A         B        C        D         E        F      G
               +---------+---------+-------+---------+---------+-------+---------
         Total |       0 |      88 |   0.0 |       0 |      46 |   0.0 |  1461
               +---------+---------+-------+---------+---------+-------+---------
           D:1 |       0 |      39 |   0.0 |       0 |      23 |   0.0 |   763
           D:2 |       0 |      33 |   0.0 |       0 |      14 |   0.0 |   607
           D:3 |       0 |      16 |   0.0 |       0 |       9 |   0.0 |    91
               +---------+---------+-------+---------+---------+-------+---------
